 Dungeon Crawl Stone Soup version 0.19-a0-36-g4a0968a (webtiles) character file.

318 Mefis the Magician (level 6, -1/32 HPs)
             Began as a Deep Elf Wizard on May 3, 2016.
             Was a Follower of Zin.
             Killed by divine providence
             ... invoked by an orc priest
              (8 damage)
             ... on level 4 of the Dungeon.
             The game lasted 00:13:26 (3318 turns).

Mefis the Magician (Deep Elf Wizard)                Turns: 3318, Time: 00:13:27

Health: -1/32      AC:  3    Str:  5    XL:     6   Next: 21%
Magic:  3/16       EV: 14    Int: 26    God:    Zin [*.....]
Gold:   206        SH:  0    Dex: 14    Spells: 7 memorised, 1 level left

rFire  . . .     SeeInvis .     g - -1 dagger (curse)
rCold  . . .     Gourm    .     a - +0 robe
rNeg   . . .     Faith    .     (no shield)
rPois  ∞         Spirit   .     b - +0 hat
rElec  .         Dismiss  .     (no cloak)
rCorr  .         Reflect  .     v - +0 pair of gloves
SustAt .         Harm     .     (no boots)
MR     .....                    (no amulet)
Stlth  +++.......               (no ring)
                                (no ring)

@: vitalised, very slightly contaminated, repel missiles, not resistant to
hostile enchantments, fairly stealthy
A: no striking features
a: Recite, Donate Gold, Renounce Religion


You were on level 4 of the Dungeon.
You worshipped Zin.
Zin was aware of your devotion.
You were not hungry.

You visited 1 branch of the dungeon, and saw 4 of its levels.

You collected 273 gold pieces.
You donated 22 gold pieces to Zin.
You paid 45 gold pieces to Gozag.

Inventory:

Hand Weapons
 g - a cursed -1 dagger (weapon)
 m - a cursed -1 short sword
Missiles
 k - 64 arrows
 p - 7 tomahawks (quivered)
Armour
 a - a +0 robe (worn)
 b - a +0 hat (worn)
 v - a +0 pair of gloves (worn)
Wands
 u - a wand of acid (10/15)
Scrolls
 e - 5 scrolls of identify
 f - a scroll of teleportation
 h - a scroll of remove curse {unknown}
 o - a scroll of recharging {unknown}
 w - a scroll of fear {unknown}
Potions
 j - a potion of might {unknown}
 n - 2 potions of agility {unknown}
 r - 2 potions of curing {unknown}
 s - a potion of degeneration {unknown}
 t - a potion of cure mutation {unknown}
 x - a potion of lignification {unknown}
Books
 c - a book of Minor Magic

   Spells                             Type                      Level
   a - Magic Dart                     Conjuration                  1
   b - Blink                          Translocation                2
   c - Call Imp                       Summoning                    2
   d - Repel Missiles                 Charms/Air                   2
   e - Slow                           Hexes                        2
   f - Conjure Flame                  Conjuration/Fire             3
   g - Mephitic Cloud                 Conjuration/Poison/Air       3
Comestibles
 d - 2 bread rations
 i - 9 fruits
 l - 3 slices of pizza
 q - a meat ration
 z - 2 chunks of flesh


   Skills:
 + Level 3.9 Dodging
 + Level 4.2 Stealth
 + Level 5.7 Spellcasting
 + Level 3.1 Conjurations
 + Level 1.5 Hexes
 + Level 0.8 Charms
 + Level 1.5 Summonings
 + Level 1.7 Translocations
 + Level 1.2 Fire Magic
 + Level 0.4 Poison Magic
 + Level 0.7 Invocations


You had one spell level left.
You knew the following spells:

 Your Spells              Type           Power        Failure   Level  Hunger
a - Magic Dart            Conj           ###.         1%          1    None
b - Call Imp              Summ           ###.....     6%          2    None
c - Blink                 Tloc           N/A          6%          2    None
d - Repel Missiles        Chrm/Air       #.....       12%         2    None
e - Mephitic Cloud        Conj/Pois/Air  ##......     14%         3    #......
f - Conjure Flame         Conj/Fire      ###.....     10%         3    #......
g - Slow                  Hex            ###.....     10%         2    None


Dungeon Overview and Level Annotations

Branches:
Dungeon (4/15)
 Temple: D:4-7

Altars:
Gozag
Nemelex Xobeh
Zin

Annotations:
D:4 Crazy Yiuf


Message History

The orc priest hits the bush but does no damage.
You hit the orc priest but do no damage.
You hear some strange, mumbled words.
A magic dart appears from out of thin air!
The magic dart hits you!
The orc priest looks braver for a moment.
The orc priest hits the bush.
Zin grants you divine stamina.
You can no longer call upon Zin for vitalisation.
Something hits you. The orc priest hits you.
* * * LOW HITPOINT WARNING * * *
The orc priest hits the bush but does no damage.
Casting: Magic Dart
Confirm with . or Enter, or press ? or * to list all spells.
You miscast Blink.
You are very lightly contaminated with residual magic.
Nothing appears to happen.
Something hits you but does no damage.
The orc priest invokes the aid of Beogh against you.
Beogh smites you!
You die...

#). #.. g. #. .##
#.# #.## ### ##.#
..# ##@## #.#
##P{o# #.# #PPo.#
#.# #....# #.#
#####....####<#
........###.#.###.#
##..##...÷...oo)(o#
#............#####
#.########.###


You could see 2 orc priests.

Vanquished Creatures
  An ogre (D:3)
  A howler monkey (D:4)
  An orc wizard (D:3)
  3 gnolls (D:3)
  7 adders
  An ooze (D:2)
  2 worms (D:3)
  2 dart slugs
  2 giant geckos
  5 orcs
  8 hobgoblins
  A quokka (D:2)
  A ball python (D:3)
  6 bats
  4 giant newts
  9 goblins
  7 kobolds
  7 rats
68 creatures vanquished.

Vanquished Creatures (collateral kills)
  2 worms (D:2)
2 creatures vanquished.

Grand Total: 70 creatures vanquished

Notes
Turn   | Place    | Note
--------------------------------------------------------------
     0 | D:1      | Mefis the Deep Elf Wizard began the quest for the Orb.
     0 | D:1      | Reached XP level 1. HP: 10/10 MP: 7/7
   285 | D:1      | Reached XP level 2. HP: 12/15 MP: 4/9
   289 | D:1      | Learned a level 2 spell: Call Imp
   292 | D:1      | Learned a level 2 spell: Blink
   295 | D:1      | Learned a level 2 spell: Repel Missiles
  1063 | D:2      | Reached XP level 3. HP: 19/19 MP: 8/11
  1098 | D:2      | Found an opulent altar of Gozag.
  1099 | D:2      | Found a sparkling altar of Nemelex Xobeh.
  1141 | D:2      | Became a worshipper of Gozag Ym Sagoz the Greedy
  1336 | D:2      | Reached skill level 5 in Spellcasting
  1350 | D:2      | Learned a level 3 spell: Mephitic Cloud
  1861 | D:3      | Found a faded altar to an unknown god.
  1867 | D:3      | Fell from the grace of Gozag
  1867 | D:3      | Became a worshipper of Zin the Law-Giver
  1867 | D:3      | Reached * piety under Zin
  1867 | D:3      | Reached ** piety under Zin
  1876 | D:3      | Noticed an ogre
  2050 | D:3      | Reached XP level 4. HP: 23/24 MP: 8/13
  2269 | D:3      | Killed an ogre
  2269 | D:3      | Was forgiven by Gozag
  2269 | D:3      | Reached XP level 5. HP: 28/28 MP: 0/15
  2274 | D:3      | Learned a level 3 spell: Conjure Flame
  2277 | D:3      | Learned a level 2 spell: Slow
  2675 | D:3      | Reached skill level 1 in Hexes
  2933 | D:3      | Reached skill level 1 in Fire Magic
  3028 | D:3      | Reached XP level 6. HP: 32/32 MP: 0/16
  3311 | D:4      | Noticed Crazy Yiuf
  3318 | D:4      | Killed from afar by an orc priest

Vault maps used:
D:1:      kennysheep_arrival_seaside
D:2:      grunt_temple_overflow_opulence
D:3:      ecumenical_altar_1, first_bread
D:4:      serial_shops, shop, uniq_natasha, uniq_sigmund, uniq_duvessa,
          uniq_crazy_yiuf_cottage

Skill      XL: |  1  2  3  4  5 |
---------------+----------------+-----
Stealth        | 3 4 |  4.2
Dodging        | 3 |  3.9
Conjurations   | 2 3 |  3.1
Spellcasting   | 5 |  5.7
Hexes          | 1 |  1.5
Fire Magic     | 1 |  1.2
Charms         | |  0.8
Summonings     | |  1.5
Translocations | |  1.7
Poison Magic   | |  0.4
Invocations    | |  0.7

Action                   |  1- 3 |  4- 6 || total
-------------------------+-------+-------++-------
Melee: Dagger            |     7 |    13 ||    20
Throw: Tomahawk          |       |     3 ||     3
 Cast: Magic Dart        |    78 |    92 ||   170
       Repel Missiles    |     1 |       ||     1
       Call Imp          |     4 |       ||     4
       Mephitic Cloud    |     2 |     2 ||     4
       Conjure Flame     |       |     3 ||     3
Invok: Recite            |       |     4 ||     4
       Vitalisation      |       |     1 ||     1
  Use: Scroll            |       |     1 ||     1
 Stab: Sleeping          |     4 |     1 ||     5
  Eat: Chunk             |     2 |     5 ||     7
Armor: Robe              |     1 |     8 ||     9
Dodge: Dodged            |    17 |    18 ||    35
       Deflected         |       |     1 ||     1
